 Dungeon Crawl Stone Soup version 0.17-a0-1941-gcc30b76 (webtiles) character file.

91 Ordine the Firebug (level 4, -4/24 HPs)
             Began as a Gargoyle Fire Elementalist on Sept 30, 2015.
             Shot with a stone by a goblin (7 damage)
             ... on level 3 of the Dungeon.
             The game lasted 00:07:08 (1823 turns).

Ordine the Firebug (Gargoyle Fire Elementalist)     Turns: 1823, Time: 00:07:08

Health: -4/24      AC:  5    Str: 11    XL:     4   Next: 57%
Magic:  3/9        EV: 12    Int: 17    God:
Gold:   126        SH:  0    Dex: 10    Spells: 1 memorised, 8 levels left

rFire  . . .     SeeInvis .     (no weapon)
rCold  + . .     Clarity  .     a - +0 robe
rNeg   + . .     SustAt   .     (no shield)
rPois  ∞         Gourm    .     (no helmet)
rElec  +         Spirit   .     (no cloak)
rCorr  .         Warding  .     (no gloves)
rMut   .         Stasis   .     (no boots)
MR     .....                    (no amulet)
Stlth  ++........               (no ring)
                                e - ring of protection from cold

@: very slightly contaminated, hasted, very quick, not resistant to hostile
enchantments, unstealthy
A: negative energy resistance 1, electricity resistance, unbreathing,
petrification resistance, rot immunity, AC +3
a: no special abilities


You were on level 3 of the Dungeon.
You were not hungry.

You visited 1 branch of the dungeon, and saw 3 of its levels.

You collected 126 gold pieces.

Inventory:

Hand weapons
 h - a +0 dagger
Armour
 a - a +0 robe (worn)
Jewellery
 e - a ring of protection from cold (left hand)
 i - an uncursed ring of teleportation
Scrolls
 g - a scroll of remove curse
Potions
 j - a potion of haste
 k - a potion of might {unknown}
Books
 b - a book of Flames

   Spells                             Type                      Level
   a - Flame Tongue                   Conjuration/Fire             1
   b - Throw Flame                    Conjuration/Fire             2
   c - Conjure Flame                  Conjuration/Fire             3
   d - Inner Flame                    Hexes/Fire                   3
   e - Sticky Flame                   Conjuration/Fire             4
   f - Fireball                       Conjuration/Fire             5
Comestibles
 c - 2 bread rations
 d - 6 chunks of flesh
 f - 2 meat rations


   Skills:
 - Level 1.5 Dodging
 - Level 2.1 Stealth
 * Level 3.4 Spellcasting
 + Level 2.5 Conjurations
 + Level 3.4 Fire Magic


You had 8 spell levels left.
You knew the following spells:

 Your Spells              Type           Power        Failure   Level  Hunger
a - Flame Tongue          Conj/Fire      ##...        6%          1    None


Dungeon Overview and Level Annotations

Branches:
Dungeon (3/15)

Altars:


Innate Abilities, Weirdness & Mutations

You are resistant to torment.
Your stone body is resilient (AC +3).
You are immune to poison.
You resist negative energy.
You are resistant to electric shocks.
You can survive without breathing.
You are immune to petrification.
You are immune to rotting.


Message History

Aiming: Flame Tongue
Press: ? - help, Shift-Dir - straight line, f - goblin
Aim: a goblin, wielding a dagger The flame tongue hits the goblin.
You kill the goblin!
The ogre hits you with a giant club!
Ouch! That really hurt!
* * * LOW HITPOINT WARNING * * *
The goblin shoots a stone.
The stone hits you.
* * * LOW HITPOINT WARNING * * *
You see here a stone.
The goblin shoots a stone.
The stone hits you but does no damage.
You see here a stone.
The goblin shoots a stone.
The stone closely misses you.
You see here a stone.
Drink which item? (? for menu, Esc to quit)
You feel yourself speed up. The ogre hits you but does no damage.
You are very lightly contaminated with residual magic.
The goblin shoots a stone.
The stone hits you!
You die...

.............##.#...).....
#..(....................
###.#.....................
#...........####....>..... .
...................)......
..#o#####.##.[.####..........
.... #.......####.....####
#..#######..#...#####..#.%.
#.....###.@.###.#####..).%.
#.<....)...........#
#........O)..........####
##...##.....##.#####.....
#..#.....##g##.#####.....
...#########..#...g#......
.### ##..###........ #
##...(.((..... ######......#


You could see an ogre and a goblin.

Vanquished Creatures
  3 adders
  4 orcs (D:3)
  2 ball pythons (D:1)
  8 bats
  6 giant cockroaches (D:1)
  11 goblins
  7 hobgoblins
  2 jackals (D:1)
  3 kobolds
  3 giant newts
  7 rats
56 creatures vanquished.

Notes
Turn   | Place    | Note
--------------------------------------------------------------
     0 | D:1      | Ordine the Gargoyle Fire Elementalist began the quest for the Orb.
     0 | D:1      | Reached XP level 1. HP: 10/10 MP: 3/3
   267 | D:1      | Reached XP level 2. HP: 15/15 MP: 0/5
   792 | D:1      | Reached XP level 3. HP: 19/19 MP: 2/7
  1440 | D:2      | Reached XP level 4. HP: 24/24 MP: 6/8
  1794 | D:3      | Noticed an ogre
  1823 | D:3      | Shot with a stone by a goblin

Vault maps used:
D:1:      nicolae_arrival_somewhat_less_tricky_arrival
D:2:      minmay_misc_feat_encased
D:3:      minmay_ogre_servants

Action                   |  1- 3 |  4- 6 || total
-------------------------+-------+-------++-------
Melee: Unarmed           |    23 |       ||    23
       Dagger            |    15 |     8 ||    23
 Cast: Flame Tongue      |    58 |    32 ||    90
  Use: Scroll            |     4 |     1 ||     5
       Potion            |       |     1 ||     1
 Stab: Sleeping          |     1 |       ||     1
  Eat: Chunk             |     2 |     1 ||     3
